 Dungeon Crawl Stone Soup version 0.31-a0-219-g8d62b2e7bb (webtiles) character file.

Game seed: 11615357826024212705

106 qw the Shooter (level 4, 0/26 HPs)
             Began as a Gargoyle Hexslinger on July 3, 2023.
             Slain by Grinder (4 damage)
             ... on level 3 of the Dungeon.
             The game lasted 00:00:41 (1750 turns).

qw the Shooter (Gargoyle Hexslinger)                Turns: 1750, Time: 00:00:42

Health: 0/26       AC:  9    Str: 12    XL:     4   Next: 84%
Magic:  5/5        EV: 10    Int: 13    God:
Gold:   158        SH:  0    Dex: 14    Spells: 4/5 levels left

rFire   . . .        Y - +1 sling
rCold   . . .        (no shield)
rNeg    + . .        f - +0 ring mail
rPois   inf          b - +0 helmet
rElec   +            (no cloak)
rCorr   .            (no gloves)
SInv    .            (no boots)
Will    .....        (no amulet)
Stlth   +            (no ring)
HPRegen 0.24/turn    (no ring)
MPRegen 0.09/turn

%: no passive effects
@: no status effects
A: sickness immunity, AC +3, negative energy resistance 1, electricity
resistance, torment resistance 1, petrification resistance
a: no special abilities


You were on level 3 of the Dungeon.
You visited 1 branch of the dungeon, and saw 3 of its levels.

You collected 158 gold pieces.


Innate Abilities, Weirdness & Mutations

You are immune to sickness and miasma.
Your stone body is resilient. (AC +3)
You are immune to poison.
You resist negative energy. (rN+)
You are resistant to electric shocks. (rElec)
You are resistant to unholy torment.
You are immune to petrification.


   Skills:
 - Level 2.0 Fighting
 + Level 4.3 Ranged Weapons
 - Level 1.1 Armour
 - Level 1.5 Dodging
 - Level 1.0 Spellcasting
 - Level 2.6 Hexes


You had 4 spell levels left.
You knew the following spells:

 Your Spells              Type           Power      Damage    Failure   Level
a - Slow                  Hex            28%        N/A       22%         1

Your spell library contained the following spells:

 Spells                   Type           Power      Damage    Failure   Level
 Inner Flame              Hex/Fire       4%         N/A       73%         3
 Portal Projectile        Hex/Tloc       8%         N/A       73%         3
 Cause Fear               Hex            3%         N/A       91%         4

Inventory:

Hand Weapons
 Y - a +1 sling (weapon)
Armour
 b - a +0 helmet (worn)
 f - a +0 ring mail (worn)
Potions
 a - a potion of invisibility {unknown}
 c - a potion of might
 d - a potion of haste {unknown}
 e - a potion of brilliance {unknown}

Dungeon Overview and Level Annotations

Branches:
Dungeon (3/15)

Altars:

Annotations:
D:3 Grinder


Message History

Grinder is moderately wounded.
Grinder hits you but does no damage.
You shoot a sling bullet. The sling bullet hits Grinder.
Grinder is moderately wounded.
Grinder barely misses you.
You shoot a sling bullet. The sling bullet hits Grinder.
Grinder is moderately wounded.
Grinder hits you!
You writhe in agony.
You shoot a sling bullet. The sling bullet barely misses Grinder.
Grinder says, "I used to sell toenails on the black market."
Grinder gestures at you. You resist with significant effort.
Grinder gestures at you. Pain shoots through your body!
You shoot a sling bullet. The sling bullet hits Grinder.
Grinder is heavily wounded.
The ball python bites you. The ball python grabs you.
The ball python constricts you. Grinder barely misses you.
The ball python bites you but does no damage.
The ball python constricts you.
You shoot a sling bullet. The sling bullet hits the ball python!
You kill the ball python!
Grinder hits you but does no damage.
You shoot a sling bullet.
The sling bullet closely misses Grinder.
Grinder gestures at you. Pain shoots through your body! Grinder hits you.
You shoot a sling bullet.
The sling bullet closely misses Grinder.
Grinder gestures at you. Pain shoots through your body!
You shoot a sling bullet. The sling bullet hits Grinder.
Grinder is heavily wounded.
Grinder blinks!
You shoot a sling bullet.
The sling bullet closely misses Grinder.
You shoot a sling bullet.
The sling bullet closely misses Grinder.
Grinder hits you.
You die...

#.# #. #.# #. ####.#
#. #####....### #.
#........... #.
#.###.###### #. #.#
#.# ######.######.#
#.#
......5@ยค...#.###.#
#.#####.#.........#
.....#.#.#####
...........#
..####.....### [
#######


You could see Grinder.

Vanquished Creatures
  Robin (D:2)
  3 gnolls (D:2)
  An adder (D:3)
  A worm (D:2)
  3 dart slugs
  4 bats
  An endoplasm (D:1)
  3 giant cockroaches
  11 goblins
  8 hobgoblins
  A quokka (D:1)
  4 ball pythons
  2 frilled lizards
  4 kobolds
  2 rats
49 creatures vanquished.

Notes
Turn   | Place    | Note
-------+----------+-------------------------------------------
     0 | D:1      | qw the Gargoyle Hexslinger began the quest for the Orb.
     0 | D:1      | Reached XP level 1. HP: 12/12 MP: 2/2
     0 | D:1      | 0 ||| qw: Version: 0.3-a-40-ge99b1a8
     0 | D:1      | 0 ||| qw: Game counter: 327
     0 | D:1      | 0 ||| qw: Melee chars always use a shield: true
     0 | D:1      | 0 ||| qw: God list: Okawaru
     0 | D:1      | 0 ||| qw: Allow faded altars: false
     0 | D:1      | 0 ||| qw: Do Orc after clearing Dungeon:15 true
     0 | D:1      | 0 ||| qw: Do second Lair branch before Depths: true
     0 | D:1      | 0 ||| qw: Lair rune preference: random
     0 | D:1      | 0 ||| qw: Goals: Normal
     0 | D:1      | 0 ||| PLANNING D:1-11
    61 | D:1      | Reached XP level 2. HP: 16/16 MP: 3/3
   215 | D:1      | Reached skill level 3 in Ranged Weapons
   311 | D:1      | Reached XP level 3. HP: 21/21 MP: 4/4
   541 | D:1      | 541 ||| UPGRADING to +0 leather armour.
   551 | D:1      | 551 ||| DROPPING +0 robe.
   552 | D:1      | 552 ||| UPGRADING to +0 ring mail.
   562 | D:1      | 562 ||| DROPPING +0 leather armour.
   563 | D:1      | 563 ||| READING scroll labelled FORCHO CYB CUISY.
   564 | D:1      | 564 ||| READING scroll labelled FOUN LEECH.
   665 | D:1      | 665 ||| DROPPING scroll of poison.
   799 | D:2      | 799 ||| FLEEEEING.
   805 | D:2      | Reached XP level 4. HP: 23/26 MP: 5/5
   823 | D:2      | Noticed Robin
   839 | D:2      | Reached skill level 4 in Ranged Weapons
   844 | D:2      | HP: 4/26 [Robin/+0 spear (3)]
   845 | D:2      | Killed Robin
   846 | D:2      | Reached skill level 1 in Armour
  1596 | D:2      | 1596 ||| UPGRADING to +0 helmet.
  1601 | D:2      | 1601 ||| READING scroll labelled PIPICS MIQIAKU.
  1602 | D:2      | 1602 ||| READING scroll labelled RYLEKH HOMP.
  1603 | D:2      | 1603 ||| DRINKING 2 fizzy orange potions.
  1734 | D:3      | Noticed Grinder
  1746 | D:3      | HP: 4/26 [Grinder (6)]
  1750 | D:3      | Slain by Grinder

Levels and vault maps discovered:
D:1:      dpeg_arrival_tiny_d, layout_basic
D:2:      layout_basic, uniq_robin
D:3:      layout_loops_ring, overflow_temple_1_default,
          shapermc_ecumenical_altar_mp_urbaneastern, uniq_sigmund, uniq_grinder

Skill      XL: |  1  2  3  4 |
---------------+-------------+-----
Ranged Weapons | 3 4 |  4.3
Fighting       | 2 |  2.0
Armour         | 1 |  1.1
Dodging        | |  1.5
Spellcasting   | |  1.0
Hexes          | |  2.6

Action                     |  1- 3 |  4- 6 || total
---------------------------+-------+-------++-------
   Fire: Sling             |    86 |    93 ||   179
    Use: Scroll            |     2 |     2 ||     4
         Potion            |       |     1 ||     1
 Armour: Robe              |     4 |       ||     4
         Ring mail         |    12 |    41 ||    53
  Dodge: Dodged            |    15 |    47 ||    62

Table legend:
 A = Non-vault XP
 B = Vault XP
 C = Vault XP percentage of total XP
 D = Non-vault monster count
 E = Vault monster count
 F = Vault count percentage of total count
                 A         B        C        D         E       F
            +---------+---------+-------+---------+---------+-------
      Total |     123 |      29 |  19.1 |      40 |       9 |  18.4
            +---------+---------+-------+---------+---------+-------
        D:1 |      34 |       0 |   0.0 |      20 |       0 |   0.0
        D:2 |      75 |      29 |  27.9 |      18 |       9 |  33.3
        D:3 |      14 |       0 |   0.0 |       2 |       0 |   0.0
            +---------+---------+-------+---------+---------+-------
